 Dungeon Crawl Stone Soup version 0.24-a0-284-g9fb9971df1 (webtiles) character file.

Game seed: 108570903800280365

4702 HAL9000 the Jinx (level 10, -2/44 HPs)
             Began as a Vine Stalker Enchanter on May 4, 2019.
             Was a Follower of Dithmenos.
             Slain by an orc warrior
             ... wielding a +0 scimitar
              (15 damage)
             ... on level 7 of the Dungeon.
             The game lasted 00:27:52 (9369 turns).

HAL9000 the Jinx (Vine Stalker Enchanter)           Turns: 9369, Time: 00:27:53

Health: -2/44      AC: 10    Str: 14    XL:     10   Next: 45%
Magic:  0/14       EV: 12    Int: 18    God:    Dithmenos [*.....]
Gold:   68         SH:  5    Dex: 15    Spells: 5/13 levels left

rFire    + . .     SeeInvis .   I - +2 dagger (venom)
rCold    . . .     Gourm    .   G - +0 buckler
rNeg     . . .     Faith    .   q - +2 robe {rF+}
rPois    +         Spirit   +   (no helmet)
rElec    +         Reflect  .   b - +1 cloak
rCorr    .         Harm     .   O - +1 pair of gloves
MR       +....                  B - +1 pair of boots of Feasting {rElec rPois}
Stlth    +++++.....             (no amulet)
HPRegen  0.54/turn              g - +3 ring of intelligence
MPRegen  0.14/turn              (no ring)

@: wreathed by umbra, lightly drained
A: fangs 3, regeneration 1, magic shield, antimagic bite, no potion heal 3, rot
immunity
a: Renounce Religion


You were on level 7 of the Dungeon.
You worshipped Dithmenos.
Dithmenos was aware of your devotion.
You were hungry.

You visited 2 branches of the dungeon, and saw 9 of its levels.

You collected 466 gold pieces.
You spent 398 gold pieces at shops.

Inventory:

Hand Weapons
 w - a +3 dagger
 I - a +2 dagger of venom (weapon)
Missiles
 m - 8 tomahawks
 r - a throwing net
 N - 8 silver tomahawks (quivered)
Armour
 b - a +1 cloak (worn)
 q - a +2 robe of fire resistance (worn)
 y - a +0 shield
 B - the +1 pair of boots of Feasting (worn) {rElec rPois}
   (You bought it in a shop on level 5 of the Dungeon)

   It insulates you from electricity.
   It protects you from poison.
 G - a +0 buckler (worn)
 O - a +1 pair of gloves (worn)
Jewellery
 g - a +3 ring of intelligence (left hand)
 k - an uncursed ring of ice
Wands
 p - a wand of digging (3)
 z - a wand of iceblast (8)
 D - a wand of paralysis (20)
 J - a wand of disintegration (8)
 K - a wand of scattershot (4)
Scrolls
 a - a scroll of fog {unknown}
 c - 3 scrolls of remove curse
 h - a scroll of teleportation
 i - 3 scrolls of immolation {unknown}
 j - a scroll of enchant armour {unknown}
 t - a scroll of torment {unknown}
 A - a scroll of summoning {unknown}
 E - a scroll of amnesia {unknown}
 F - 2 scrolls of blinking {unknown}
 P - a scroll of holy word {unknown}
 Q - a scroll of silence {unknown}
 R - a scroll of enchant weapon {unknown}
Potions
 e - 2 potions of resistance
 n - 2 potions of flight {unknown}
 o - a potion of mutation
 s - a potion of berserk rage {unknown}
 u - 2 potions of might {unknown}
 v - 3 potions of brilliance
 x - a potion of curing
 C - a potion of lignification
 L - a potion of cancellation {unknown}
 M - a potion of ambrosia {unknown}
Comestibles
 d - 13 rations
 S - 8 chunks of flesh


   Skills:
 + Level 8.4(8.0) Short Blades
 - Level 1.5(1.2) Dodging
 + Level 9.0(8.6) Stealth
 - Level 4.0(3.6) Shields
 - Level 2.1(1.8) Spellcasting
 - Level 9.6(9.2) Hexes


You had 5 spell levels left.
You knew the following spells:

 Your Spells              Type           Power        Failure   Level  Hunger
a - Corona                Hex            ####...      1%          1    #......
b - Ensorcelled Hibernat  Hex/Ice        ###...       4%          2    ###....
c - Confuse               Hex            ####....     1%          3    ###....
d - Blink                 Tloc           N/A          28%         2    ###....

Your spell library contained the following spells:

 Spells                   Type           Power        Failure   Level  Hunger
 Slow                     Hex            ####....     1%          2    ###....
 Tukima's Dance           Hex            ####....     1%          3    ###....
 Dazzling Spray           Conj/Hex       ###...       9%          3    ###....
 Magic Dart               Conj           #...         19%         1    #......
 Call Imp                 Summ           #.......     28%         2    ###....
 Conjure Flame            Conj/Fire      #.......     50%         3    ###....
 Mephitic Cloud           Conj/Pois/Air  #.......     50%         3    ###....


Dungeon Overview and Level Annotations

Branches:
Dungeon (8/15)             Temple (1/1) D:6
   Lair: D:8-11

Altars:
Ashenzari
Cheibriados
Dithmenos
Elyvilon
Fedhas
Gozag
Hepliaklqana
Kikubaaqudgha
Makhleb
Nemelex Xobeh
Okawaru
Qazlal
Ru
Sif Muna
Trog
Uskayaw
Vehumet
Wu Jian
Xom
Yredelemnul
Zin
The Shining One
Beogh

Shops:
D:5 *?[[*   D:6 (

Annotations:
D:4 3 runed translucent doors, Yosebu's ghost, amateur DsAK
D:6 5 runed translucent doors


Innate Abilities, Weirdness & Mutations

You have razor-sharp teeth.
Your natural rate of healing is unusually fast.
When hurt, damage is shared between your health and your magic reserves.
Your bite disrupts and absorbs the magic of your enemies.
Potions cannot restore your health.
You are immune to rotting.


Message History

The adder closely misses you.
Casting: Confuse (safe; 1% risk of failure)
Confirm with . or Enter, or press ? or * to list all spells.
Aiming: Confuse (safe; 1% risk of failure)
Press: ? - help, Shift-Dir - straight line, f/p - adder
Aim: an adder (confused, chance to defeat MR: 71%)
The adder struggles to resist.
You are feeling hungry.
The orc warrior hits you with a +0 scimitar.
You hit the adder but do no damage.
The adder is poisoned.
You bite the adder. You drain its power.
You feel invigorated.
The adder is lightly wounded.
You strike the helpless adder from behind!
You impale the adder!!
You kill the adder!
Dithmenos accepts your kill.
The orc warrior hits you with a +0 scimitar!!
* * * LOW HITPOINT WARNING * * *
The orc warrior hits you with a +0 scimitar!!
You die...

..................# #.#
^.................# #.#
..................# #.#
..................# #.#
..................# #.#
..................# #.#
..................###.########
..................)[.........#
..............[.@o###.######.#
...................>#.# #.#
..................#.#.# #.#
..................#.#.# #.#
...............[..#.#.######.#
..................#.#........#
......<...........#.##########
..................#.......#
..................#######.#


You could see an orc warrior.

Vanquished Creatures
  Pikel (D:4)
  Prince Ribbit (D:7)
  Sigmund (D:2)
  Edmund (D:4)
  A water moccasin (D:7)
  Duvessa (D:4)
  2 orc warriors
  4 slaves
  3 sky beasts
  An ice beast (D:5)
  2 ogres
  A phantom (D:6)
  A crocodile (D:8)
  8 big kobolds (D:3)
  6 bullfrogs
  Dowan (D:4)
  A scorpion (D:3)
  7 wights
  5 crimson imps
  4 howler monkeys
  2 bullfrog zombies (D:7)
  A jelly (D:7)
  9 orc wizards
  2 centaur skeletons
  Crazy Yiuf (D:2)
  5 orc priests
  2 bullfrog skeletons
  Ijyb (D:5)
  Natasha (thrice) (D:2)
  2 iguanas
  2 worker ants
  A hound skeleton (D:6)
  6 adders
  6 gnolls
  An ooze (D:2)
  An adder zombie (D:7)
  2 worms (D:3)
  A dart slug (D:1)
  A leopard gecko (D:5)
  21 orcs
  3 ball pythons
  5 giant cockroaches
  9 hobgoblins
  10 jackals
  3 quokkas
  A ball python skeleton (D:5)
  3 bats
  6 frilled lizards
  4 goblins
  2 jackal skeletons (D:4)
  39 kobolds
  A leopard gecko skeleton (D:8)
  A quokka zombie (D:8)
  7 rats
  A fungus (D:2)
217 creatures vanquished.

Notes
Turn   | Place    | Note
-------+----------+-------------------------------------------
     0 | D:1      | HAL9000 the Vine Stalker Enchanter began the quest for the
                  | Orb.
     0 | D:1      | Reached XP level 1. HP: 9/9 MP: 4/4
   571 | D:1      | Reached XP level 2. HP: 11/13 MP: 3/6
   715 | D:1      | Reached skill level 1 in Short Blades
  1153 | D:2      | Reached XP level 3. HP: 14/16 MP: 7/7
  1171 | D:2      | Learned a level 2 spell: Ensorcelled Hibernation
  1635 | D:2      | Noticed Natasha
  1646 | D:2      | Killed Natasha
  1646 | D:2      | Gained mutation: Your natural rate of healing is unusually
                  | fast. [Vine Stalker growth]
  1646 | D:2      | Reached XP level 4. HP: 14/21 MP: 4/8
  1660 | D:2      | Learned a level 3 spell: Confuse
  1797 | D:2      | Noticed Sigmund
  1811 | D:2      | Killed Sigmund
  1811 | D:2      | Reached skill level 5 in Hexes
  1811 | D:2      | Reached XP level 5. HP: 18/24 MP: 4/9
  1915 | D:2      | Noticed Natasha
  1926 | D:2      | Killed Natasha
  1926 | D:2      | Reached XP level 6. HP: 22/28 MP: 3/10
  1942 | D:2      | Noticed Natasha
  1993 | D:2      | Killed Natasha
  2142 | D:2      | Found a runed translucent door.
  2143 | D:2      | Noticed Crazy Yiuf
  2155 | D:2      | Killed Crazy Yiuf
  2876 | D:3      | Reached XP level 7. HP: 32/32 MP: 5/11
  3767 | D:3      | Gained mutation: You have razor-sharp teeth. [Vine Stalker
                  | growth]
  3767 | D:3      | Reached XP level 8. HP: 36/36 MP: 12/12
  3995 | D:3      | Reached skill level 5 in Short Blades
  4285 | D:4      | Noticed Pikel
  4770 | D:4      | Noticed Edmund
  4794 | D:4      | Killed Edmund
  4967 | D:4      | Found a runed translucent gate.
  4968 | D:4      | Found a runed translucent gate.
  4969 | D:4      | Found a runed translucent gate.
  4970 | D:4      | Found a roughly hewn altar of Beogh.
  4972 | D:4      | Identified the cursed +0 mace of Ducw {crush, *Drain rElec
                  | rPois MR+}
  4972 | D:4      | Identified the +3 scale mail "Dedghoc" {rF+ rC+ Regen+
                  | SInv}
  4972 | D:4      | Noticed Yosebu's ghost (amateur DsAK)
  5124 | D:4      | Killed Pikel
  5124 | D:4      | Reached XP level 9. HP: 34/39 MP: 13/13
  5201 | D:4      | Noticed Duvessa
  5201 | D:4      | Noticed Dowan
  5222 | D:4      | Killed Duvessa
  5238 | D:4      | Killed Dowan
  5648 | D:5      | Entered Level 5 of the Dungeon
  5796 | D:5      | Found Eluaj's Antique Armour Shop.
  5832 | D:5      | Bought a pair of smoking boots for 304 gold pieces
  5842 | D:5      | Identified the +1 pair of boots of Feasting {rElec rPois}
                  | (You bought it in a shop on level 5 of the Dungeon)
  6015 | D:5      | Found Sierim's Magic Scroll Shop.
  6019 | D:5      | Found Fiklic's General Store.
  6135 | D:5      | Noticed Ijyb
  6142 | D:5      | Killed Ijyb
  6175 | D:5      | Found Ziurch Eseicw's Antique Armour Shoppe.
  6188 | D:5      | Reached skill level 5 in Stealth
  6231 | D:5      | Bought a buckler for 94 gold pieces
  6307 | D:5      | Found a shattered altar of Ashenzari.
  6353 | D:5      | Found Rarchon's Assorted Antiques.
  6500 | D:5      | Reached skill level 1 in Shields
  6756 | D:6      | Found a staircase to the Ecumenical Temple.
  7122 | Temple   | Entered the Ecumenical Temple
  7199 | Temple   | Became a worshipper of Dithmenos the Shadowed
  7264 | D:6      | Found a runed translucent door.
  7340 | D:6      | Found a runed translucent gate.
  7340 | D:6      | Found a runed translucent gate.
  7348 | D:6      | Found a runed translucent gate.
  7356 | D:6      | Found a runed translucent door.
  7374 | D:6      | Found the +9 staff of Olgreb {rPois}
  7611 | D:6      | Found a deep blue altar of Sif Muna.
  7712 | D:6      | Found Guuhabia's Antique Weapon Shop.
  8059 | D:7      | Noticed Prince Ribbit
  8066 | D:7      | Killed Prince Ribbit
  8066 | D:7      | Reached XP level 10. HP: 44/44 MP: 14/14
  8356 | D:7      | Reached * piety under Dithmenos
  8491 | D:7      | Learned a level 2 spell: Blink
  9222 | D:8      | Found a basalt altar of Yredelemnul.
  9369 | D:7      | Slain by an orc warrior

Levels and vault maps discovered:
D:1:      co_arrival_hexagon_in_a_hexagon, layout_loops_ring
D:2:      layout_rooms, first_ration, uniq_sigmund, uniq_natasha,
          uniq_crazy_yiuf_cottage
D:3:      minmay_goblin_kobold_castle, layout_basic
D:4:      layout_rooms, biasface_ghost_orc_armoury, uniq_pikel, uniq_edmund,
          uniq_duvessa
D:5:      layout_cave_pods, lemuel_coloured_pillars_altar, serial_shops, shop,
          shop, shop, shop, shop, uniq_ijyb
D:6:      kennysheep_orc_sif_temple, layout_basic, minmay_temple_entry_poolview,
          serial_shops, shop, minmay_guarded_unrand_staff_of_olgreb
D:7:      layout_basic, minmay_small_thing, uniq_prince_ribbit1
D:8:      layout_cave_pools, basic_altar, ebering_ghost_disaster_area
Temple:   grunt_wide_crystal_templ

Skill      XL: |  1  2  3  4  5  6  7  8  9 10 |
---------------+-------------------------------+-----
Short Blades   | 1 2 3 4 6 7 8 |  8.4
Hexes          | 4 5 6 7 9 |  9.6
Stealth        | 6 9 |  9.0
Shields        | 4 |  4.0
Dodging        | |  1.5
Spellcasting   | |  2.1

Action                   |  1- 3 |  4- 6 |  7- 9 | 10-12 || total
-------------------------+-------+-------+-------+-------++-------
Melee: Dagger            |    82 |   111 |   430 |   149 ||   772
       Bite              |    13 |    31 |   134 |    43 ||   221
 Cast: Corona            |     7 |       |       |       ||     7
       Ensorcelled Hiber |     7 |    11 |    14 |     1 ||    33
       Confuse           |       |    11 |    41 |    24 ||    76
  Use: Scroll            |       |     1 |     1 |     7 ||     9
 Stab: Sleeping          |     9 |     7 |    18 |     5 ||    39
       Confused          |       |     7 |    30 |    13 ||    50
       Distracted        |       |     1 |       |       ||     1
  Eat: Chunk             |     3 |     6 |    19 |     6 ||    34
       Ration            |       |       |     1 |       ||     1
Armor: Robe              |    13 |    16 |   103 |    28 ||   160
Dodge: Dodged            |    51 |    60 |   185 |    51 ||   347
Block: Buckler           |       |       |     8 |    17 ||    25

Table legend:
 A = Non-vault XP
 B = Vault XP
 C = Vault XP percentage of total XP
 D = Non-vault monster count
 E = Vault monster count
 F = Vault count percentage of total count
                 A         B        C        D         E       F
            +---------+---------+-------+---------+---------+-------
      Total |    3929 |    2789 |  41.5 |     155 |      57 |  26.9
            +---------+---------+-------+---------+---------+-------
        D:1 |      34 |       0 |   0.0 |      22 |       0 |   0.0
        D:2 |     104 |     299 |  74.2 |      13 |       3 |  18.8
        D:3 |     249 |     859 |  77.5 |      29 |      43 |  59.7
        D:4 |     295 |    1065 |  78.3 |      15 |       4 |  21.1
        D:5 |     699 |      38 |   5.2 |      20 |       1 |   4.8
        D:6 |     874 |     215 |  19.7 |      19 |       3 |  13.6
        D:7 |    1163 |     313 |  21.2 |      25 |       3 |  10.7
        D:8 |     511 |       0 |   0.0 |      12 |       0 |   0.0
            +---------+---------+-------+---------+---------+-------
